 Dungeon Crawl Stone Soup version 0.28.0-45-g0d030f2227 (webtiles) character file.

Game seed: 13876126236333116481

55894 Bruhh the Warrior (level 14, 0/159 HPs)
             Began as an Ogre Summoner on Apr 22, 2022.
             Was a High Priest of Fedhas.
             Shot with a stone by a faun (17 damage)
             ... on level 1 of the Shoals.
             The game lasted 02:28:07 (39906 turns).

Bruhh the Warrior (Ogre Summoner)                  Turns: 39906, Time: 02:28:07

Health: 0/159      AC: 10    Str: 21    XL:     14   Next: 79%
Magic:  24/30      EV:  9    Int: 26    God:    Fedhas [*****.]
Gold:   1508       SH:  0    Dex:  9    Spells: 22/38 levels left

rFire   . . .      SeeInvis .   h - +5 falchion (drain)
rCold   . . .      Faith    +   (no shield)
rNeg    . . .      Spirit   .   J - +3 troll leather armour
rPois   .          Reflect  .   (helmet restricted)
rElec   .          Harm     .   K - +1 cloak
rCorr   .          Rampage  .   (gloves unavailable)
Will    .....                   (boots unavailable)
Stlth   +.........              D - amulet of faith
HPRegen 1.16/turn               y - +6 ring of strength
MPRegen 0.22/turn               E - +6 ring of intelligence

@: weak-willed
A: large, unfitting armour, tough skin 1
a: Renounce Religion, Wall of Briars, Grow Ballistomycete, Overgrow, Grow Oklob


You were on level 1 of the Shoals.
You worshipped Fedhas.
Fedhas was extremely pleased with you.
You visited 4 branches of the dungeon, and saw 20 of its levels.

You collected 1508 gold pieces.

Inventory:

Hand Weapons
 e - a +2 morningstar
 h - a +5 falchion of draining (weapon)
 p - a +0 dagger of venom
 q - a +0 giant spiked club
 s - a +3 dagger of venom
 z - a +0 falchion of holy wrath
Armour
 a - a +0 robe
 g - the +1 robe "Xiod" {Str-4 Dex+5 Stlth+}
   (You found it on level 2 of the Lair of Beasts)

   Str:       It affects your strength (-4).
   Dex:       It affects your dexterity (+5).
   Stlth:     It makes you more stealthy.
 x - a +1 cloak
 H - a +0 kite shield
 J - a +3 troll leather armour (worn)
 K - a +1 cloak (worn)
 M - a +2 robe of cold resistance
Jewellery
 f - a ring of protection from fire
 i - a +6 ring of strength
 v - an amulet of the acrobat
 y - a +6 ring of strength (left hand)
 D - an amulet of faith (around neck)
 E - a +6 ring of intelligence (right hand)
 F - a +4 ring of protection
 N - a ring of ice
 O - a ring of ice
Wands
 j - a wand of mindburst (26)
 u - a wand of flame (53)
 w - a wand of polymorph (42)
 A - a wand of digging (1)
 B - a wand of paralysis (26)
 I - a wand of iceblast (13)
 L - a wand of acid (7)
Scrolls
 c - 2 scrolls of torment
 d - 6 scrolls of magic mapping
 l - 9 scrolls of teleportation
 m - a scroll of noise
 o - 6 scrolls of identify
 t - a scroll of fear
 P - a scroll of amnesia
 R - a scroll of fog
 U - a scroll of holy word
Potions
 b - 6 potions of might
 k - 2 potions of curing
 n - 6 potions of flight
 r - 6 potions of haste
 C - 3 potions of lignification
 G - a potion of resistance
 Q - 2 potions of cancellation
 S - a potion of mutation {unknown}
 T - 5 potions of ambrosia
 V - a potion of brilliance {unknown}


   Skills:
 - Level 15.0 Fighting
 * Level 6.1 Long Blades
 - Level 1.7 Dodging
 - Level 1.4 Stealth
 - Level 12.8 Spellcasting
 - Level 14.1 Summonings
 - Level 3.0 Air Magic
 - Level 12.0 Invocations


You had 22 spell levels left.
You knew the following spells:

 Your Spells              Type           Power      Damage    Failure   Level
a - Summon Small Mammal   Summ           100%       N/A       0%          1
b - Call Imp              Summ           74%        N/A       1%          2
c - Call Canine Familiar  Summ           74%        N/A       1%          3
d - Summon Guardian Gole  Hex/Summ       52%        N/A       1%          3
e - Summon Lightning Spi  Summ/Air       57%        N/A       1%          4
f - Swiftness             Air            32%        N/A       3%          3

Your spell library contained the following spells:

 Spells                   Type           Power      Damage    Failure   Level
 Summon Cactus Giant      Summ           37%        N/A       1%          6
 Magic Dart               Conj           64%        1d6       4%          1
 Slow                     Hex            64%        N/A       4%          1
 Ensorcelled Hibernation  Hex/Ice        32%        N/A       6%          2
 Passwall                 Tmut/Erth      13%        N/A       6%          2
 Summon Forest            Summ/Tloc      26%        N/A       6%          5
 Summon Mana Viper        Hex/Summ       52%        N/A       6%          5
 Mephitic Cloud           Conj/Pois/Air  21%        N/A       8%          3
 Confusing Touch          Hex            16%        N/A       12%         3
 Dazzling Flash           Conj/Hex       32%        N/A       12%         3
 Gell's Gravitas          Tloc           16%        N/A       12%         3
 Teleport Other           Tloc           16%        N/A       12%         3
 Vampiric Draining        Necr           16%        2d7       12%         3
 Cause Fear               Hex            8%         N/A       36%         4
 Hailstorm                Conj/Ice       16%        3d6       36%         4
 Ice Form                 Ice/Tmut       16%        N/A       36%         4
 Iskenderun's Mystic Bla  Conj/Tloc      16%        2d5       36%         4
 Dispersal                Tloc           8%         N/A       99%         6
 Simulacrum               Ice/Necr       8%         N/A       99%         6
 Starburst                Conj/Fire      8%         6d4       99%         6
 Dragon Form              Tmut           8%         N/A       100%        7
 Dragon's Call            Summ           37%        N/A       100%        9


Dungeon Overview and Level Annotations

Branches:
Dungeon (12/15)            Temple (1/1) D:4            Lair (6/6) D:11
 Shoals (1/4) Lair:2       Spider (0/4) Lair:2        Slime (0/5) Lair:6
    Orc (0/2) D:11

Altars:
Ashenzari
Cheibriados
Dithmenos
Elyvilon
Fedhas
Gozag
Hepliaklqana
Kikubaaqudgha
Makhleb
Nemelex Xobeh
Okawaru
Qazlal
Ru
Sif Muna
Trog
Uskayaw
Vehumet
Wu Jian
Xom
Yredelemnul
Zin
The Shining One
Jiyva

Shops:
D:5 *   D:7 !   D:11 (

Annotations:
D:9 2 transporters, destino's ghost, novice DECj


Innate Abilities, Weirdness & Mutations

You are too large for most types of armour.
You have tough skin. (AC +1)


Message History

The bolt of electricity hits the manticore!
The manticore dies!
Fedhas appreciates your contribution to the ecosystem.
The bolt of electricity hits the faun!
The faun is engulfed in a cloud of scalding steam.
The faun casts a spell at your lightning spire.
Your lightning spire is unaffected.
The faun shoots a stone.
The stone hits your warg!!
Your Long Blades skill increases to level 6!
The faun unwields a +0 spear.
The faun wields a +5 hunting sling.
The faun shoots a stone.
The stone closely misses your warg. The stone hits you!
The faun is engulfed in a cloud of scalding steam.
The faun shoots a stone.
The stone hits your warg!!
Your warg dies!
Your warg's corpse disappears in a puff of smoke!
The faun shoots a stone.
The stone hits you but does no damage.
The faun shoots a stone.
The stone hits you!!
The faun shoots a stone.
The stone hits your lightning spire.
The faun shoots a stone.
The stone hits you.
The faun shoots a stone.
The stone hits you!!
The faun shoots a stone.
The stone hits you.
The faun is engulfed in a cloud of scalding steam.
The faun shoots a stone.
The stone hits you!!
* * * LOW HITPOINT WARNING * * *
The faun shoots a stone.
The stone hits your lightning spire!
Casting: Summon Lightning Spire (mildly dangerous; 1% risk of failure)
Confirm with . or Enter, or press ? or * to list all spells.
A guardian golem appears, shielding your allies.
Your lightning spire shoots out a bolt of lightning at the faun!
The bolt of electricity hits the faun!
The faun dies!
Fedhas appreciates your contribution to the ecosystem.
The bolt of electricity hits the faun!
The faun shoots a stone.
The stone hits you!
* * * LOW HITPOINT WARNING * * *
The faun shoots a stone.
The stone hits you!
* * * LOW HITPOINT WARNING * * *
The faun shoots a stone.
The stone hits you!
You die...
Fedhas appreciates your contribution to the ecosystem.

≈....≈≈≈≈≈≈≈≈≈≈.......
≈≈§.≈≈≈≈≈≈≈≈≈≈........
≈≈§≈c≈≈≈≈≈≈≈≈≈........
..c§.≈≈≈≈≈≈≈≈≈.....# .
..§).≈≈≈≈≈≈≈≈≈≈....#
... #§§.≈≈≈≈≈≈≈≈≈....#
....#/≈≈≈≈≈≈≈≈≈≈≈....#
...≈≈.≈≈8≈≈≈≈≈)≈.....#
≈≈≈≈≈≈≈≈...@9≈≈≈≈....#
≈≈≈≈≈≈≈≈..#...≈≈≈≈...##
≈≈≈≈≈≈≈≈.###..≈≈≈≈≈≈>..
.≈≈≈≈≈≈≈.# #..≈≈≈≈≈≈##.
#.≈≈≈≈≈≈.###.≈≈≈≈≈≈≈#
#.≈≈≈≈≈≈≈..≈<.≈≈≈.≈≈...
#(.≈≈≈≈≈≈≈≈≈≈≈(≈≈.≈≈...
....≈≈≈≈≈≈≈≈≈≈≈≈≈≈≈≈≈≈≈
..≈≈≈≈≈≈≈≈≈≈≈≈≈≈≈.


You could see 2 fauns, a friendly guardian golem (summoned) and a friendly
lightning spire (summoned, sheltered).

Vanquished Creatures
  A hydra (Lair:5)
  A black mamba (Lair:5)
  An elephant (Lair:6)
  4 cane toads
  2 rime drakes
  2 komodo dragons
  A merfolk (Shoals:1)
  2 polar bears
  6 blink frogs
  A snapping turtle (Lair:2)
  2 wyverns (D:11)
  6 spriggans (Lair:6)
  3 hogs (Lair:5)
  7 yaks
  Menkaure (D:4)
  3 water moccasins
  An orc warrior (D:7)
  A sky beast (D:5)
  4 black bears
  An ogre (D:7)
  A centaur (D:10)
  10 wolves (Lair:6)
  2 boggarts (Lair:6)
  A kobold brigand (D:11)
  8 bullfrogs
  2 scorpions
  11 killer bees
  2 wights (D:7)
  3 electric eels
  3 centaur zombies
  A bullfrog zombie (D:6)
  A hound (D:7)
  2 orc priests
  A centaur skeleton (D:5)
  5 orc wizards
  2 hell rats (Lair:2)
  An iguana (D:4)
  A hound skeleton (D:4)
  4 gnolls
  3 adders
  2 shadow imps (D:6)
  4 white imps
  2 worms
  9 orcs
  3 endoplasms
  4 goblins
  2 hobgoblins (D:3)
  4 quokkas
  3 ball pythons
  4 bats
  3 frilled lizards
  2 kobolds (D:11)
  A rat (D:2)
157 creatures vanquished.

Vanquished Creatures (collateral kills)
  Kirke (Lair:5)
  Fannar (Lair:2)
  4 hydras
  A boulder beetle (Lair:4)
  2 two-headed ogres
  4 death yaks (Lair:6)
  2 wolf spiders (Lair:2)
  A faun (Shoals:1)
  A cyclops (D:11)
  2 manticores
  6 elephants
  4 black mambas
  Maurice (D:11)
  5 cane toads
  3 rime drakes
  8 komodo dragons
  A queen bee (Lair:3)
  3 trolls
  3 polar bears
  6 hornets
  A dream sheep (Lair:6)
  17 blink frogs
  A culicivora (Lair:2)
  9 spriggans (Lair:6)
  24 yaks
  A shadow (D:12)
  3 wyverns
  2 hogs (Lair:5)
  A basilisk (Lair:3)
  A redback (Lair:2)
  A vampire mosquito (D:12)
  2 swamp worms (Lair:5)
  7 water moccasins
  2 orc warriors
  2 ice beasts
  4 black bears (Lair:6)
  A boggart (Lair:6)
  26 wolves
  4 bullfrogs (Lair:1)
  A gnoll sergeant (D:7)
  A wyvern skeleton (D:7)
  24 killer bees
  A howler monkey (D:11)
  7 wights
  2 centaur zombies
  5 orc priests
  A hound (D:4)
  A jelly (D:5)
  4 hell rats (Lair:2)
  8 orc wizards
  4 adders
  5 gnolls
  A white imp (D:5)
  2 worms (D:2)
  3 dart slugs
  30 orcs
  2 ball pythons
  2 bats
  3 endoplasms (D:2)
  2 giant cockroaches
  8 hobgoblins
  5 jackals
  4 kobolds
  A quokka (D:3)
  11 goblins
  4 rats
  2 ballistomycete spores (Lair:6)
312 creatures vanquished.

Vanquished Creatures (others)
  2 death yaks (Lair:6)
  An elephant (Lair:4)
  Joseph (D:7)
  A komodo dragon (D:11)
  A troll (D:10)
  A culicivora (Lair:2)
  8 yaks
  A basilisk (D:11)
  2 hogs (Lair:5)
  A death yak simulacrum (Lair:2)
  A steam dragon (D:7)
  A vampire mosquito (D:12)
  2 swamp worms (Lair:5)
  Duvessa (D:7)
  3 orc warriors
  A swamp drake (D:11)
  5 wolves
  A centaur (D:10)
  A bullfrog (D:8)
  A wyvern zombie (D:7)
  Dowan (D:7)
  4 killer bees
  An elephant simulacrum (Lair:2)
  4 wights
  2 orc wizards (D:8)
  A hell rat (Lair:2)
  2 orcs (D:10)
  A bush (Lair:6)
  55 fungi
  93 plants
200 creatures vanquished.

Grand Total: 669 creatures vanquished

Notes
Turn   | Place    | Note
-------+----------+-------------------------------------------
     0 | D:1      | Bruhh the Ogre Summoner began the quest for the Orb.
     0 | D:1      | Reached XP level 1. HP: 16/16 MP: 3/3
   290 | D:1      | Reached XP level 2. HP: 17/24 MP: 4/6
   551 | D:1      | Found a faded altar of an unknown god.
  1135 | D:2      | Reached XP level 3. HP: 19/31 MP: 3/8
  1266 | D:2      | Learned a level 2 spell: Call Imp
  2028 | D:2      | Reached XP level 4. HP: 29/39 MP: 6/10
  2144 | D:2      | Found a stormy altar of Qazlal.
  3001 | D:3      | Found a sacrificial altar of Ru.
  3804 | D:3      | Reached XP level 5. HP: 37/45 MP: 7/11
  4197 | D:3      | Reached skill level 5 in Summonings
  4797 | D:4      | Found a staircase to the Ecumenical Temple.
  4925 | Temple   | Entered the Ecumenical Temple
  5243 | Temple   | Became a worshipper of Fedhas Madash
  5342 | D:4      | Found a hide-covered altar of Uskayaw.
  5491 | D:4      | Learned a level 3 spell: Call Canine Familiar
  5729 | D:4      | Noticed Menkaure
  5759 | D:4      | Killed Menkaure
  5760 | D:4      | Reached skill level 1 in Fighting
  5760 | D:4      | Reached XP level 6. HP: 6/57 MP: 4/12
  6084 | D:4      | Reached skill level 2 in Fighting
  6380 | D:4      | Reached skill level 3 in Fighting
  6548 | D:5      | Entered Level 5 of the Dungeon
  6548 | D:5      | Noticed a sky beast
  6548 | D:5      | Found Inku's Overcharged Wands.
  6648 | D:5      | Killed a sky beast
  6649 | D:5      | Reached skill level 4 in Fighting
  6649 | D:5      | Reached XP level 7. HP: 46/71 MP: 9/13
  6787 | D:5      | Reached skill level 5 in Fighting
  6903 | D:5      | Found a white marble altar of Elyvilon.
  6958 | D:5      | Reached skill level 6 in Fighting
  7387 | D:5      | Reached * piety under Fedhas
  7596 | D:5      | Found a burning altar of Makhleb.
  7670 | D:5      | Found an ancient bone altar of Kikubaaqudgha.
  7673 | D:5      | Found a hazy altar of Hepliaklqana.
  7756 | D:5      | Found a snail-covered altar of Cheibriados.
  7883 | D:6      | Reached skill level 7 in Fighting
  9279 | D:4      | Learned a level 3 spell: Summon Guardian Golem
  9302 | D:5      | Reached skill level 5 in Spellcasting
  9314 | D:5      | Reached XP level 8. HP: 56/87 MP: 6/16
  9889 | D:6      | Identified the +0 scale mail of Repulsion {Dex+6}
 17689 | D:7      | Reached skill level 8 in Fighting
 18262 | D:7      | Reached ** piety under Fedhas
 18263 | D:7      | Reached XP level 9. HP: 96/96 MP: 11/20
 18668 | D:7      | Learned a level 4 spell: Summon Lightning Spire
 18752 | D:7      | Noticed Duvessa
 18753 | D:7      | Noticed Dowan
 18773 | D:7      | Killed Duvessa
 18774 | D:7      | Reached skill level 1 in Air Magic
 18804 | D:7      | Killed Dowan
 18967 | D:7      | Noticed Joseph
 18978 | D:7      | Killed Joseph
 19240 | D:7      | Found a glowing golden altar of the Shining One.
 19249 | D:7      | Reached skill level 9 in Fighting
 19330 | D:7      | Reached skill level 10 in Fighting
 19786 | D:7      | Found Zidus's Distillery.
 20928 | D:7      | Reached skill level 11 in Fighting
 21798 | D:8      | Noticed a two-headed ogre
 21807 | D:8      | Killed a two-headed ogre
 21808 | D:8      | Reached XP level 10. HP: 108/114 MP: 11/22
 21973 | D:8      | Paralysed by an orc wizard for 4 turns
 21986 | D:8      | Reached *** piety under Fedhas
 22194 | D:8      | Found a glowing silver altar of Zin.
 22268 | D:8      | Learned a level 3 spell: Swiftness
 23045 | D:9      | Reached skill level 10 in Summonings
 23048 | D:9      | Reached **** piety under Fedhas
 23056 | D:9      | Reached skill level 1 in Invocations
 23066 | D:9      | HP: 5/114 [poisoned by a killer bee]
 23616 | D:9      | Found a transporter.
 23619 | D:9      | Noticed a deep elf knight
 23620 | D:9      | Noticed destino's ghost (novice DECj)
 23622 | D:9      | Found a transporter.
 23623 | D:9      | Noticed a two-headed ogre
 23987 | D:9      | Noticed a lindwurm
 23987 | D:9      | Noticed a lindwurm
 23987 | D:9      | Noticed a lindwurm
 23989 | D:9      | Noticed a lindwurm
 24108 | D:10     | Entered Level 10 of the Dungeon
 24185 | D:10     | Found a stormy altar of Qazlal.
 24921 | D:10     | Reached skill level 5 in Invocations
 25360 | D:10     | Reached XP level 11. HP: 82/120 MP: 11/23
 25589 | D:10     | Found a sparkling altar of Nemelex Xobeh.
 25813 | D:10     | Found a broken altar of Ashenzari.
 26361 | D:11     | Noticed a two-headed ogre
 26431 | D:11     | Noticed a cyclops
 26439 | D:11     | Killed a cyclops
 26458 | D:11     | Killed a two-headed ogre
 26800 | D:11     | Noticed Maurice
 26814 | D:11     | Killed Maurice
 26844 | D:11     | Found Mova's Weapon Emporium.
 26928 | D:11     | Noticed a manticore
 26936 | D:11     | Reached ***** piety under Fedhas
 26938 | D:11     | Killed a manticore
 26997 | D:11     | Found a staircase to the Orcish Mines.
 27161 | D:11     | Reached skill level 10 in Invocations
 27441 | D:11     | Found a staircase to the Lair.
 28973 | D:12     | Noticed an eight-headed hydra
 28985 | D:12     | Killed an eight-headed hydra
 29042 | D:12     | Identified the +5 rapier "Camyinuz" {drain, *Rage Fly
                  | Will++ SInv}
 29109 | D:12     | Identified the +2 ring mail of Puckish Knowledge {Str-5
                  | Dex+5}
 29539 | Lair:1   | Entered Level 1 of the Lair of Beasts
 29574 | Lair:1   | Reached skill level 10 in Spellcasting
 29779 | Lair:1   | Reached skill level 12 in Fighting
 29779 | Lair:1   | Reached XP level 12. HP: 116/132 MP: 19/26
 30634 | Lair:2   | Reached skill level 13 in Fighting
 30674 | Lair:2   | Noticed Fannar
 30928 | Lair:2   | Killed Fannar
 31463 | Lair:2   | Found a hole to the Spider Nest.
 31734 | Lair:2   | Noticed a five-headed hydra
 31741 | Lair:2   | Killed a five-headed hydra
 31876 | Lair:2   | Identified the +1 robe "Xiod" {Str-4 Dex+5 Stlth+}
 32164 | Lair:2   | Reached ****** piety under Fedhas
 32294 | Lair:2   | Found a staircase to the Shoals.
 32533 | Lair:3   | Reached XP level 13. HP: 139/144 MP: 17/27
 34988 | Lair:4   | Reached skill level 14 in Fighting
 35892 | Lair:5   | Noticed Kirke
 35909 | Lair:5   | Reached skill level 15 in Fighting
 36648 | Lair:5   | Noticed a sphinx
 36649 | Lair:5   | Paralysed by a sphinx for 5 turns
 36814 | Lair:5   | Killed Kirke
 36976 | Lair:5   | You fall into a shaft and drop 1 floor!
 36976 | Lair:6   | Entered Level 6 of the Lair of Beasts
 37610 | Lair:6   | Reached XP level 14. HP: 102/159 MP: 14/30
 38400 | Lair:6   | Reached skill level 1 in Long Blades
 38546 | Lair:6   | Found a viscous altar of Jiyva.
 38546 | Lair:6   | Found a staircase to the Slime Pits.
 38871 | Lair:6   | Reached skill level 5 in Long Blades
 39858 | Shoals:1 | Entered Level 1 of the Shoals
 39906 | Shoals:1 | Shot with a stone by a faun

Illustrated notes

Levels and vault maps discovered:
D:1:      wheals_arrival_shading, layout_rooms,
          shapermc_ecumenical_altar_ellora, serial_forest,
          infiniplex_forest_clump_small, infiniplex_forest_lined_corner,
          infiniplex_forest_straight_5, infiniplex_forest_lined_2,
          infiniplex_forest_lined_room_3, infiniplex_forest_lined_2,
          infiniplex_forest_corner_1, infiniplex_forest_corner_1,
          infiniplex_forest_straight_4, fountainhead, minmay_statues_item
D:2:      cheibrodos_helix_gallery, layout_basic, basic_altar,
          minmay_misc_feat_encased
D:3:      cheibrodos_greedy_goblins, layout_basic,
          nicolae_ru_sacrificial_ziggurat
D:4:      layout_basic, mainiacjoe_overflow_tiny_flanked, temple_statues,
          uniq_menkaure
D:5:      layout_loops_ring, minmay_overflow_temple_star_quad,
          mainiacjoe_overflow_big_doors, nicolae_shop_overcharged_wands
D:6:      layout_basic
D:7:      layout_loops_corners, mainiacjoe_overflow_small_starburst,
          serial_shops, shop, kennysheep_generic_room_5, uniq_duvessa,
          uniq_joseph
D:8:      layout_rooms, mainiacjoe_overflow_concentric_impassable
D:9:      layout_irregular_city, gammafunk_ghost_arena, minmay_lindwurm_lava
D:10:     layout_basic, evilmike_ruin_ashenzari, kennysheep_mini,
          mainiacjoe_overflow_alcove_4, kennysheep_generic_room_6
D:11:     regret_index_combs_of_tragedy, layout_stronghold, erik_lair_dragon,
          orc_0_dummy, serial_shops, nicolae_shop_crystal,
          minmay_splitting_lines, chequers_serial_rivers_micro_d, uniq_maurice
D:12:     layout_basic
Temple:   compressed_dpeg_circular_temple
Lair:1:   layout_misc_corridors, beast_lair_carwin_1,
          infiniplex_staircase_pool_2, grunt_megastairs_3
Lair:2:   layout_regular_city, minmay_shoals_entry_hut,
          spider_nest_entry_funnel_web, portal_ice_cave_entry_ice_simulacra,
          infiniplex_staircase_pool, grunt_megastairs_2, serial_bayou_shore_b,
          uniq_fannar
Lair:3:   layout_roguey, special_room [special_room_bee], enter_volcano_4,
          lemuel_another_geyser
Lair:4:   layout_loops_ring
Lair:5:   layout_loops_ring, worms_lemuel, uniq_kirke
Lair:6:   minmay_lair_end_enchanted_forest, layout_hall_layers, slime_altar_1,
          serial_bayou_lake_a
Shoals:1: layout_shoals, nicolae_shop_clearance

Skill      XL: |  1  2  3  4  5  6  7  8  9 10 11 12 13 14 |
---------------+-------------------------------------------+-----
Spellcasting   | 3 4 5 7 8 10 12 | 12.8
Summonings     | 4 6 7 8 10 13 14 | 14.1
Fighting       | 1 4 7 8 11 12 13 15 | 15.0
Air Magic      | 3 |  3.0
Invocations    | 5 10 12 | 12.0
Long Blades    | 6 |  6.1
Dodging        | |  1.7
Stealth        | |  1.4

Action                   |  1- 3 |  4- 6 |  7- 9 | 10-12 | 13-15 || total
-------------------------+-------+-------+-------+-------+-------++-------
Melee: Unarmed           |   116 |    64 |       |       |       ||   180
       Punch             |     1 |       |     4 |     3 |     3 ||    11
       Dagger            |       |    73 |   165 |   262 |   178 ||   678
       Falchion          |       |       |    47 |       |   188 ||   235
       Giant spiked club |       |       |       |     3 |       ||     3
 Cast: Summon Small Mamm |    50 |    47 |    39 |    14 |     1 ||   151
       Call Imp          |     7 |    24 |    36 |    37 |     2 ||   106
       Call Canine Famil |       |     6 |    36 |    54 |    31 ||   127
       Summon Guardian G |       |       |    17 |    41 |    32 ||    90
       Summon Lightning  |       |       |       |    39 |    42 ||    81
       Swiftness         |       |       |       |     4 |     1 ||     5
Invok: Wall of Briars    |       |       |       |     3 |     7 ||    10
       Grow Oklob        |       |       |       |       |     5 ||     5
       Overgrow          |       |       |       |       |     4 ||     4
  Use: Scroll            |       |       |    15 |     7 |    12 ||    34
       Potion            |       |       |     9 |     5 |     2 ||    16
 Stab: Distracted        |     1 |     1 |     1 |     4 |     3 ||    10
       Sleeping          |     1 |       |       |       |       ||     1
Armor: Robe              |    53 |    59 |    82 |    41 |       ||   235
       Troll leather arm |       |       |       |   100 |   240 ||   340
Dodge: Dodged            |    70 |    79 |   164 |   141 |   277 ||   731
